[Event "GrandPrix_30.05"]
[Site "Chess.com"]
[Date "2020.05.30"]
[Round "2"]
[White "Mikhail_Golubev"]
[Black "Artur0208"]
[Result "1/2-1/2"]
[WhiteElo "2049"]
[BlackElo "2274"]
[TimeControl "600+2"]
[EndTime "8:49:55 PDT"]
[Termination "Game drawn by agreement"]

1. e4 e5 2. Nf3 Nc6 3. Nc3 Nf6 4. d4 exd4 5. Nxd4 Bb4 6. Nxc6 bxc6 7. Bd3 O-O 8. O-O d5 9. Bd2 Bxc3 10. Bxc3 Nxe4 11.
Bxe4 dxe4 12. Qe2 Qe7 13. Rad1 Bf5 14. Qe3 Rfd8 15. Rxd8+ Qxd8 16. f3 Qd5 17. fxe4 Bxe4 18. Qg3 Bg6 19. Re1 Qd6 20. Be5 Qc5+ 21. Qf2 Qxf2+ 22. Kxf2 Bxc2 23. Bxc7 Bf5 24. Re7 Be6 25.
a3 h6 26. Bf4 a6 27. Rb7 Bc4 28. Rb8+ Rxb8 29. Bxb8 f6 30. Bd6 h5 31. h4 Kf7 32.
Bb4 Ke6 33. g3 Kd5 34. Bf8 g6 35. Be7 Ke6 36. Bb4 Kf5 37. Bc3 g5 38. hxg5 fxg5 39. Bd2 Kg4 40. Bc3 Bd5 41. Bd2 Kf5 42. Bc3 Ke4 43.
Bd2 Kf5 44. Bc3 c5 45. Bd2 c4 46. Bc3 Be4 47. Bd2 Kg4 48. Bc3 Bb7 49. Bd2 Bc6 50. Bc3 h4 51. gxh4 gxh4 52. Kg1 Kg3 53. Be5+ Kf3 54.
Kh2 Bd7 55. Bf6 Kg4 56. Bg7 Bc6 57. Bh8 Kf5 58. Bg7 Kg6 59. Bh8 Bd7 60. Bd4 Kf5 61.
Bc3 Ke4 62. Bf6 h3 63. Bg7 Kd3 64. Bh8 Kc2 65. Bg7 1/2-1/2

[Event "GrandPrix_30.05"]
[Site "Chess.com"]
[Date "2020.05.30"]
[Round "2"]
[White "tianachess"]
[Black "BashirliN"]
[Result "0-1"]
[WhiteElo "2002"]
[BlackElo "2195"]
[TimeControl "600+2"]
[EndTime "8:49:56 PDT"]
[Termination "BashirliN won by checkmate"]

1. d4 Nf6 2. Nf3 e6 3. c4 Bb4+ 4. Nbd2 O-O 5. a3 Be7 6. e3 b6 7. Bd3 Bb7 8. O-O d6 9. b4 Nbd7 10. Bb2 c5 11. Qc2 Rc8 12. Rfd1 Qc7 13. h3 Qb8 14.
dxc5 bxc5 15. e4 Rfd8 16. b5 Nf8 17. e5 Nh5 18. exd6 Bxd6 19. Be4 Ng6 20. Bxb7 Qxb7 21. Ne4 Bf8 22. Ne5 f5 23. Ng5 Nhf4 24. Nc6 Rxd1+ 25.
Rxd1 Rxc6 26. bxc6 Qxc6 27. f3 h6 28. g3 hxg5 29.
gxf4 Qxf3 30. fxg5 Nf4 31. h4 Ne2+ 32. Kh2 Qg3+ 33.
Kh1 Qh3# 0-1

[Event "GrandPrix_30.05"]
[Site "Chess.com"]
[Date "2020.05.30"]
[Round "2"]
[White "tsaruk_maks"]
[Black "kirillshevchenko"]
[Result "1-0"]
[WhiteElo "2396"]
[BlackElo "2682"]
[TimeControl "600+2"]
[EndTime "8:50:06 PDT"]
[Termination "tsaruk_maks won by resignation"]

1. e4 c5 2. Nf3 d6 3. d4 cxd4 4. Nxd4 Nf6 5. Nc3 a6 6. g3 e5 7. Nb3 Be7 8. Bg2 b5 9. O-O O-O 10. a4 b4 11. Nd5 Nxd5 12. Qxd5 Ra7 13. Be3 Be6 14. Qd3 Rb7 15. Rfc1 Qc7 16. c3 Nc6 17. cxb4 Rxb4 18. Qxa6 Rc8 19. Na5 Qxa5 20. Rxc6 Qxa6 21. Rxa6 Rxb2 22. a5 Rbb8 23. Ra7 Bd8 24. a6 h6 25. h4 Kh7 26. Rb7 Ra8 27. a7 Bc4 28. Bf1 d5 29.
Bxc4 dxc4 30. Rxf7 Rc6 31. Rb7 Bc7 32. Rd1 c3 33.
Rd7 Ba5 34. Rxg7+ Kh8 35. Rb8+ Kxg7 36. Rxa8 Ra6 37. Re8 c2 38. a8=Q Rxa8 39. Rxa8 1-0

[Event "GrandPrix_30.05"]
[Site "Chess.com"]
[Date "2020.05.30"]
[Round "2"]
[White "VolodymyrMolyboha"]
[Black "SergeyVashchilov"]
[Result "1-0"]
[WhiteElo "2245"]
[BlackElo "2062"]
[TimeControl "600+2"]
[EndTime "8:50:15 PDT"]
[Termination "VolodymyrMolyboha won on time"]

1. e4 e6 2. d4 d5 3. e5 c5 4. Qg4 Nc6 5. Nf3 Nge7 6. Bd3 Nb4 7. dxc5 Qa5 8. O-O Nxd3 9. cxd3 Qxc5 10. Nc3 Nf5 11.
a3 Bd7 12. Qf4 h6 13. Be3 Nxe3 14. fxe3 Be7 15. d4 Qb6 16. Rf2 O-O 17. Qg4 Rac8 18. Nxd5 Qd8 19. Nf4 Kh7 20. Nh5 g6 21. Ng3 Rc4 22.
Raf1 Be8 23. h4 Rg8 24. Ne4 Rg7 25. Qf4 Bc6 26. Nf6+ Bxf6 27. exf6 Rg8 28. Ne5 Bb5 29. Nxf7 Qf8 30. Nd6 g5 31. Qe4+ 1-0

[Event "GrandPrix_30.05"]
[Site "Chess.com"]
[Date "2020.05.30"]
[Round "2"]
[White "ChessQueen"]
[Black "GMMarcinDziuba"]
[Result "0-1"]
[WhiteElo "2179"]
[BlackElo "2545"]
[TimeControl "600+2"]
[EndTime "8:50:16 PDT"]
[Termination "GMMarcinDziuba won by resignation"]

1. e4 c6 2. c4 d5 3. cxd5 cxd5 4. exd5 Nf6 5. Nc3 Nxd5 6. Nf3 Nxc3 7. bxc3 g6 8. Bb5+ Nd7 9. O-O Bg7 10. a4 O-O 11.
Ba3 Re8 12. Qb3 a6 13. Bc4 e6 14. d4 Qc7 15. Rfb1 b6 16. d5 Nc5 17. Bxc5 Qxc5 18. Nd4 Bxd4 19. cxd4 Qxd4 20. Rd1 Qf4 21. g3 Qg4 22. f3 Qf5 23. Qxb6 Qxf3 24. Rf1 Qe4 25. Qc6 exd5 26. Bxd5 Qe3+ 27. Kh1 Be6 28.
Rae1 Qxe1 29. Rxe1 Bxd5+ 30. Qxd5 Rxe1+ 31. Kg2 Rae8 32. Qc6 R1e6 33. Qb7 h5 34. Kf3 Rf6+ 35. Kg2 Ree6 36. Qb2 Rf5 37. Qd2 Ref6 38. Qd8+ Kh7 39. h4 Rf2+ 40.
Kh3 R6f5 41. Qd4 Ra2 42. Qc4 Rff2 0-1

[Event "GrandPrix_30.05"]
[Site "Chess.com"]
[Date "2020.05.30"]
[Round "2"]
[White "vpantev"]
[Black "viktorskliarov"]
[Result "1/2-1/2"]
[WhiteElo "2681"]
[BlackElo "2226"]
[TimeControl "600+2"]
[EndTime "8:50:27 PDT"]
[Termination "Game drawn by agreement"]

1. d4 Nf6 2. Nf3 g6 3. Bf4 Bg7 4. e3 O-O 5. Be2 d6 6. c4 c5 7.
d5 Nh5 8. Nc3 Nxf4 9. exf4 a6 10. a4 Bg4 11. O-O Nd7 12. Qc2 Qa5 13. Ra3 Rab8 14. h3 Bxf3 15. Bxf3 Nb6 16. Ne4 Qb4 17. Be2 Qxb2 18. Qxb2 Bxb2 19. Ra2 Bd4 20. a5 Nd7 21. Rb1 Kg7 22. Ra3 Nf6 23. Nxf6 Kxf6 24. Rab3 h5 25.
h4 Rfe8 1/2-1/2

[Event "GrandPrix_30.05"]
[Site "Chess.com"]
[Date "2020.05.30"]
[Round "2"]
[White "Fandorine"]
[Black "Sakkcapak"]
[Result "1-0"]
[WhiteElo "2527"]
[BlackElo "2145"]
[TimeControl "600+2"]
[EndTime "8:50:35 PDT"]
[Termination "Fandorine won by resignation"]

1. e4 e6 2. d4 d5 3. Nc3 Nf6 4. e5 Nfd7 5. f4 c5 6. Nce2 Nc6 7. c3 Qb6 8. Nf3 f6 9. Qb3 c4 10. Qc2 Be7 11. exf6 gxf6 12. g3 Nf8 13. Bg2 Bd7 14.
Be3 O-O-O 15. Bf2 Be8 16. f5 Kb8 17. O-O exf5 18. Nh4 Bg6 19. Nf4 Qa5 20. b3 Bd6 21. Nxd5 f4 22. Nxg6 Nxg6 23. bxc4 fxg3 24. Bxg3 Bxg3 25.
hxg3 Qa6 26. c5 Qc4 27. Qb3 Qd3 28. Rab1 Rd7 29. Rf3 Qd2 30. Nxf6 Rg7 31. Ne4 Qe2 32. Rf7 Rxf7 33. Qxf7 Nge7 34. Nd6 Qe3+ 35. Qf2 Qxf2+ 36.
Kxf2 b6 37. cxb6 axb6 38. Nc4 Kc7 39. d5 Rf8+ 40. Kg1 1-0

[Event "GrandPrix_30.05"]
[Site "Chess.com"]
[Date "2020.05.30"]
[Round "2"]
[White "lelajavakhishvili"]
[Black "SpasKozhuharov"]
[Result "0-1"]
[WhiteElo "2174"]
[BlackElo "2137"]
[TimeControl "600+2"]
[EndTime "8:50:35 PDT"]
[Termination "SpasKozhuharov won by resignation"]

1. d4 d5 2. c4 dxc4 3. e4 Nc6 4.
Nf3 Bg4 5. Be3 Bxf3 6. gxf3 e6 7. Bxc4 Qf6 8. Bb5 Bb4+ 9. Nc3 Ne7 10. a3 Ba5 11. Qe2 O-O-O 12. e5 Qh4 13. O-O-O Nxd4 14. Rxd4 Rxd4 15. Ne4 Rxe4 16. fxe4 Qxe4 17. Rd1 Nd5 18.
Bxa7 Qxe2 19. Bxe2 Bb6 20. Bxb6 Nxb6 21. Rd3 Rd8 22.
Rh3 h6 23. Rg3 g6 24. Rf3 Rd7 25. Kc2 Kd8 26. Bb5 c6 27. Bd3 Ke7 28. Rf4 c5 29. Re4 g5 30. h4 Rd5 31. hxg5 hxg5 32. Bb5 Rd8 33. Rg4 Rh8 34. Rxg5 Rh2 35. Rg8 Rxf2+ 36. Kb3 Rf3+ 37. Kc2 Nd7 38. Rc8 Nxe5 39. Rc7+ Kd6 40. Rxb7 f5 41. a4 f4 42. a5 Rg3 43.
a6 Rg8 44. a7 Ra8 45. Rh7 Nc6 46. Bxc6 Kxc6 47. Rf7 e5 48. Kd3 Kb6 49. Ke4 Rxa7 50.
Rf6+ Kb5 51. Kxe5 Ra2 52. Kxf4 Rxb2 53. Ke3 Kc4 54. Rf8 Kc3 55. Rf3 c4 56. Ke4+ Kb4 57.
Kd4 Rd2+ 58. Ke4 c3 59. Rf8 Kb3 0-1

[Event "GrandPrix_30.05"]
[Site "Chess.com"]
[Date "2020.05.30"]
[Round "2"]
[White "Funo09"]
[Black "GMStefanova"]
[Result "1-0"]
[WhiteElo "2670"]
[BlackElo "2322"]
[TimeControl "600+2"]
[EndTime "8:50:59 PDT"]
[Termination "Funo09 won by resignation"]

1. e4 c6 2. Nc3 d5 3. Nf3 Bg4 4. h3 Bxf3 5. gxf3 Nf6 6. d4 e6 7. Rg1 g6 8. Bg5 h6 9. Be3 Bb4 10. Qd3 Qa5 11. Bd2 Nbd7 12. a3 O-O-O 13. O-O-O Bxc3 14. Bxc3 Qc7 15. Qe3 Nh5 16. Kb1 g5 17. h4 f6 18. e5 fxe5 19. hxg5 hxg5 20. dxe5 c5 21.
Qxg5 d4 22. Bd2 Nxe5 23. Be2 d3 24. cxd3 Nxd3 25. Bxd3 Rxd3 26. Bc3 Rxc3 27. Qg8+ 1-0

[Event "GrandPrix_30.05"]
[Site "Chess.com"]
[Date "2020.05.30"]
[Round "2"]
[White "kotmizer"]
[Black "temus_galaktionov"]
[Result "0-1"]
[WhiteElo "2279"]
[BlackElo "2642"]
[TimeControl "600+2"]
[EndTime "8:51:02 PDT"]
[Termination "temus_galaktionov won by resignation"]

1. e4 c6 2. c4 g6 3. d4 Bg7 4. Nc3 d6 5. f4 Nd7 6. Nf3 e5 7.
Be3 Ngf6 8. h3 O-O 9. fxe5 dxe5 10. d5 Nh5 11. Bf2 f5 12. Qc2 Bh6 13. exf5 gxf5 14.
g4 Nf4 15. gxf5 cxd5 16. cxd5 Nb6 17. Rg1+ Kh8 18. Qe4 Qf6 19. Nxe5 Bxf5 20. Bd4 Bxe4 21. Nxe4 Qg7 22. Rxg7 Bxg7 23. Nc5 Rae8 24. O-O-O Bxe5 25. Bg1 Nbxd5 26. Nxb7 Rb8 27. Ba6 Nb4 0-1

[Event "GrandPrix_30.05"]
[Site "Chess.com"]
[Date "2020.05.30"]
[Round "2"]
[White "gygygygygyggygygygy"]
[Black "Pultis"]
[Result "1/2-1/2"]
[WhiteElo "2012"]
[BlackElo "2231"]
[TimeControl "600+2"]
[EndTime "8:51:04 PDT"]
[Termination "Game drawn by repetition"]

1. e4 c6 2. d3 d5 3. Nd2 g6 4. Ngf3 Bg7 5. g3 e5 6. Bg2 Ne7 7. O-O h6 8. Re1 d4 9. a4 a5 10. Rf1 Be6 11. Ne1 g5 12. Nc4 Ng6 13. b3 b5 14. Na3 Qd7 15. Bd2 O-O 16. b4 axb4 17. Bxb4 Rxa4 18. Bxf8 Bxf8 19. Nxb5 cxb5 20. Nf3 g4 21.
Nd2 Bb4 22. Nb3 Bc3 23. Nc5 Rxa1 24. Qxa1 Qe7 25. Qa8 Qxc5 26. Qxb8+ Kg7 27. f4 gxf3 28. Bxf3 Bd2 29. Bh5 Be3+ 30. Kh1 Bh3 31. Rxf7+ Kxf7 32. Qb7+ Kf6 33. Qa6+ Be6 34. Bxg6 Qxc2 35. Bf5 Qd1+ 36. Kg2 Qe2+ 37. Kh3 Qf1+ 38. Kg4 h5+ 39. Kxh5 Qe2+ 40.
Kh4 Qxh2+ 41. Kg4 Qe2+ 42. Kh3 Qh5+ 43. Kg2 Qe8 44. Bxe6 Qxe6 45. Qxb5 Kg5 46. Qa5 Qf6 47. Qa2 Kh6 48. Qe2 Qg6 49. Qf3 Kg7 50. Qe2 Bf4 51. Qf3 Kh6 52. Kf2 Qxg3+ 53. Qxg3 Bxg3+ 54. Kxg3 Kg5 55. Kf3 Kh4 56. Kf2 Kh3 57. Kf3 Kh4 58. Kf2 Kh5 59. Kf3 Kg5 60. Kg3 Kh5 61. Kh3 Kg5 62.
Kg3 Kh5 63. Kh3 Kg5 64. Kg3 1/2-1/2

[Event "GrandPrix_30.05"]
[Site "Chess.com"]
[Date "2020.05.30"]
[Round "2"]
[White "Nikame"]
[Black "PeshkaTheGreat"]
[Result "0-1"]
[WhiteElo "2200"]
[BlackElo "2129"]
[TimeControl "600+2"]
[EndTime "8:51:20 PDT"]
[Termination "PeshkaTheGreat won by resignation"]

1. d4 d5 2. c4 c6 3. Nf3 Nf6 4. Qc2 e6 5. Nbd2 Nbd7 6. g3 Bd6 7. Bg2 O-O 8. O-O Re8 9. b3 e5 10. cxd5 cxd5 11. dxe5 Nxe5 12. Bb2 Nc6 13. e3 Nb4 14. Qb1 Bg4 15. a3 Nc6 16. b4 Qd7 17. Bxf6 gxf6 18.
Nb3 Be5 19. Ra2 a5 20. b5 Ne7 21. a4 Qf5 22. Qxf5 Bxf5 23. Rd1 Rac8 24. Nfd4 Bg6 25. Nxa5 Bxd4 26. exd4 b6 27. Nc6 Nxc6 28. bxc6 Rxc6 29. Bxd5 Rc2 30. Rxc2 Bxc2 31. Rc1 Bxa4 32. Rc7 Rd8 33. Bxf7+ Kf8 34. d5 Rd7 35. Rc4 b5 36. Rd4 Kxf7 37. Kf1 Bb3 38. d6 Ke6 39. Ke1 Rxd6 40.
Re4+ Kd5 41. Rh4 Bc4 42. Kd2 Kc5+ 43. Kc2 Re6 44. f4 Re2+ 45. Kd1 Rg2 46. Rxh7 b4 47.
Rc7+ Kd4 0-1

[Event "GrandPrix_30.05"]
[Site "Chess.com"]
[Date "2020.05.30"]
[Round "2"]
[White "esskeettit"]
[Black "SacrificeGod"]
[Result "1-0"]
[WhiteElo "2132"]
[BlackElo "2255"]
[TimeControl "600+2"]
[EndTime "8:51:33 PDT"]
[Termination "esskeettit won by resignation"]

1. d4 Nf6 2. c4 g6 3. Nc3 Bg7 4. e4 d6 5. Nf3 O-O 6. Be2 e5 7. O-O Nc6 8. d5 Ne7 9. b4 a5 10. Ba3 axb4 11. Bxb4 Nd7 12. a4 h6 13. Nd2 f5 14. f3 f4 15. Qb3 Nc5 16. Bxc5 dxc5 17. a5 g5 18. Rfd1 Ra6 19. Qa3 b6 20. Qb2 Rf6 21. Nb5 Rg6 22. axb6 Raxb6 23. Nb3 h5 24. Nxc5 Qf8 25. Na4 Rxb5 26. cxb5 g4 27. b6 Qf6 28. b7 Bxb7 29. Qxb7 Qh4 30. Qxc7 gxf3 31. Bxf3 Rg3 32. hxg3 fxg3 33. Qd8+ Kh7 34. d6 Qh2+ 35. Kf1 Ng6 36. Qg5 Nf4 37. Qf5+ Kh6 38. Qxf4+ exf4 39. d7 Bd4 40. Rxd4 Qh1+ 41. Ke2 Qxa1 42. d8=Q Qa2+ 43.
Rd2 Qc4+ 44. Qd3 Qxa4 45. Qd6+ 1-0

[Event "GrandPrix_30.05"]
[Site "Chess.com"]
[Date "2020.05.30"]
[Round "2"]
[White "Pidzsy"]
[Black "Msb2"]
[Result "0-1"]
[WhiteElo "2289"]
[BlackElo "2664"]
[TimeControl "600+2"]
[EndTime "8:51:37 PDT"]
[Termination "Msb2 won by resignation"]

1. e4 e6 2. d4 d5 3. e5 c5 4. c3 Qb6 5. Nf3 Nc6 6. a3 c4 7. Be2 Na5 8. Nbd2 Bd7 9. O-O Ne7 10. a4 Qc6 11. Qc2 Nc8 12. Bd1 Be7 13. Re1 Nb6 14. Qb1 g5 15. b4 cxb3 16. Nxb3 Nxb3 17. Qxb3 g4 18. Nd2 h5 19. a5 Nc4 20.
Nxc4 dxc4 21. Qb1 Qd5 22. Bc2 Bc6 23. Be4 Qd7 24. Ba3 Bxa3 25. Rxa3 h4 26. Ra2 h3 27. Rb2 O-O-O 28. Rb4 Bd5 29. Rb5 Kb8 30. g3 Rhg8 31. Rc5 Rc8 32. Rxd5 exd5 33. Bf5 Qc6 34. Bxc8 Qxc8 35.
Qh7 Rd8 36. Qxf7 Rf8 37. e6 Rxf7 38. exf7 Qf5 39. Re8+ Kc7 40. Re7+ Kd6 41. Rxb7 Qf3 0-1

[Event "GrandPrix_30.05"]
[Site "Chess.com"]
[Date "2020.05.30"]
[Round "2"]
[White "Alexander_Donchenko"]
[Black "swisspower96"]
[Result "1-0"]
[WhiteElo "2749"]
[BlackElo "2344"]
[TimeControl "600+2"]
[EndTime "8:52:00 PDT"]
[Termination "Alexander_Donchenko won by resignation"]

1. Nf3 d5 2. g3 c5 3. Bg2 Nf6 4. O-O e6 5. d4 cxd4 6. Nxd4 e5 7.
Nf3 Nc6 8. c4 d4 9. e3 Be7 10.
exd4 exd4 11. Bf4 O-O 12. Ne5 Qb6 13. Re1 Nxe5 14. Bxe5 Rd8 15. Qb3 d3 16. Qxb6 axb6 17. Bc7 Bb4 18. Nc3 Rd4 19. Bxb6 Rxc4 20. Red1 Bf5 21. Bxb7 Rb8 22. Ba6 Rxc3 23. bxc3 Bxc3 24. Rac1 Rxb6 25. Bxd3 Bb2 26. Bxf5 Bxc1 27. Rd8+ 1-0

[Event "GrandPrix_30.05"]
[Site "Chess.com"]
[Date "2020.05.30"]
[Round "2"]
[White "Iljin_Timofey"]
[Black "TheNextLevelFan"]
[Result "1/2-1/2"]
[WhiteElo "2269"]
[BlackElo "2490"]
[TimeControl "600+2"]
[EndTime "8:52:03 PDT"]
[Termination "Game drawn - insufficient material"]

1. d4 d5 2. c4 dxc4 3. e4 e5 4. Nf3 exd4 5. Bxc4 Nf6 6. e5 Nd5 7. O-O Be7 8. Qxd4 Nb6 9. Bb3 Qxd4 10. Nxd4 O-O 11.
Nc3 Na6 12. Be3 c6 13. Rad1 Nc5 14. Bc2 Nc4 15. Bc1 Nxe5 16. Rfe1 Bf6 17. Bf4 Nc4 18. b3 Ne6 19. Nxe6 Bxe6 20. Ne4 Be5 21. Bxe5 Nxe5 22. Ng5 Ng6 23. Nxe6 fxe6 24. Bxg6 hxg6 25. Rxe6 Rad8 26. Ree1 Kf7 27. h4 Rxd1 28. Rxd1 Ke7 29. Re1+ Kd7 30. Re2 c5 31. g3 b5 32. f4 Rc8 33.
Kf2 c4 34. bxc4 Rxc4 35. Kf3 b4 36. Kg4 Rc5 37. Rb2 a5 38. Kf3 Rc3+ 39. Kg4 Kc6 40.
Rg2 Rc5 41. Kf3 a4 42. Ke4 Kb5 43. g4 b3 44. axb3 axb3 45. f5 gxf5+ 46. gxf5 Rc7 47. h5 Kb4 48. f6 gxf6 49. h6 Rh7 50.
Rh2 Kc3 51. Kf5 b2 52. Rxb2 Kxb2 53. Kg6 Rh8 54. Kg7 Rc8 55. Kxf6 Kc3 56. h7 Kd4 57. Kg7 Ke5 58. h8=Q Rxh8 59. Kxh8 1/2-1/2

[Event "GrandPrix_30.05"]
[Site "Chess.com"]
[Date "2020.05.30"]
[Round "2"]
[White "ValeriyGrinev"]
[Black "aleksandrovaleksei"]
[Result "0-1"]
[WhiteElo "2122"]
[BlackElo "2511"]
[TimeControl "600+2"]
[EndTime "8:52:04 PDT"]
[Termination "aleksandrovaleksei won by resignation"]

1. c4 e6 2. Nc3 d5 3. d4 Bb4 4. Nf3 Nf6 5. Bg5 h6 6. Bxf6 Qxf6 7. Qa4+ Nc6 8. cxd5 exd5 9. e3 O-O 10. Be2 Be6 11. O-O a6 12. Rfc1 Bd6 13. a3 Ne7 14. Qd1 Rad8 15. Na4 Bc8 16. Nc5 a5 17. b4 axb4 18. axb4 g5 19. e4 dxe4 20.
Nxe4 Qf4 21. Nxd6 Qxd6 22. Qc2 c6 23. b5 g4 24. Ne5 Qxd4 25. Nxg4 Bxg4 26. Ra4 Bf5 27. Rxd4 Bxc2 28. Rxd8 Rxd8 29. Rxc2 cxb5 30. Rb2 Nc6 31. Bxb5 Rd1+ 32. Bf1 Ne5 33. Rc2 b5 34. g3 Nf3+ 35. Kh1 Rxf1+ 36. Kg2 Ne1+ 0-1

[Event "GrandPrix_30.05"]
[Site "Chess.com"]
[Date "2020.05.30"]
[Round "2"]
[White "Shahinyan_ChessMood"]
[Black "Promacherr"]
[Result "1-0"]
[WhiteElo "2407"]
[BlackElo "2137"]
[TimeControl "600+2"]
[EndTime "8:52:06 PDT"]
[Termination "Shahinyan_ChessMood won by resignation"]

1. e4 e6 2. d4 d5 3. e5 c5 4. c3 Qb6 5. Nf3 Nc6 6. a3 Nh6 7. b4 cxd4 8. Bxh6 gxh6 9. cxd4 Bd7 10. Ra2 Rg8 11. h3 Rc8 12. Rc2 Be7 13. g3 f6 14. Be2 fxe5 15. dxe5 Kd8 16. Nc3 Nxb4 17.
axb4 Bxb4 18. Qd3 Qc5 19. O-O Bxc3 20. Rfc1 d4 21. Qxh7 Qf8 22. Nxd4 Rxg3+ 23. Kf1 Rg7 24. Qd3 Qg8 25. Bg4 Bxd4 26. Rxc8+ Bxc8 27. Qxd4+ Bd7 28. Qxa7 Rxg4 29. hxg4 Qxg4 30. Qxb7 Qh3+ 31. Qg2 Qf5 32. Qg8+ Ke7 33. Qg7+ Ke8 34. Kg1 Qf4 35. Rd1 Qg5+ 36.
Qxg5 hxg5 37. Kg2 Bc6+ 38. Kg3 Be4 39. Kg4 1-0

[Event "GrandPrix_30.05"]
[Site "Chess.com"]
[Date "2020.05.30"]
[Round "2"]
[White "rasmussvane"]
[Black "Yurovskykh_Alexander"]
[Result "0-1"]
[WhiteElo "2471"]
[BlackElo "2320"]
[TimeControl "600+2"]
[EndTime "8:52:08 PDT"]
[Termination "Yurovskykh_Alexander won by resignation"]

1. Nf3 d5 2. g3 c6 3. Bg2 Bg4 4. O-O Nd7 5. h3 Bh5 6. d4 e6 7. c4 Ngf6 8. cxd5 exd5 9. Ne5 Be7 10. f4 Nxe5 11. dxe5 Bc5+ 12. Kh2 Nd7 13. g4 Bg6 14. f5 Nxe5 15. Bf4 Bd6 16. Nc3 Nxg4+ 17. hxg4 Bxf5 18. e4 Bxf4+ 19. Rxf4 Qd6 20. Qd2 g5 21. e5 Qh6+ 22.
Bh3 gxf4 23. gxf5 Rg8 24. Ne2 Rg3 25. Ng1 O-O-O 26. e6 f6 27. Rc1 Rdg8 28. Qe2 Rg2+ 29. Qxg2 Rxg2+ 30. Kxg2 f3+ 31. Nxf3 Qxc1 32. Kg3 Qxb2 33.
Bg4 Kd8 34. Bh5 Qxa2 35. Bf7 Ke7 36. Bg8 Qa3 37. Bxh7 Qe3 38. Kg4 a5 39. Nh4 Qg5+ 40. Kh3 Qxh4+ 41. Kxh4 a4 0-1

[Event "GrandPrix_30.05"]
[Site "Chess.com"]
[Date "2020.05.30"]
[Round "2"]
[White "Meri-Arabidze"]
[Black "caspiwins"]
[Result "1-0"]
[WhiteElo "2138"]
[BlackElo "2330"]
[TimeControl "600+2"]
[EndTime "8:52:14 PDT"]
[Termination "Meri-Arabidze won by checkmate"]

1. d4 f5 2. e4 fxe4 3. Nc3 Nf6 4. Bg5 Nc6 5. d5 Ne5 6. Qe2 Nf7 7. Bxf6 exf6 8. Nxe4 Bb4+ 9. c3 Be7 10. d6 cxd6 11. O-O-O O-O 12. Nf3 b6 13. Nd4 Bb7 14. Ng3 Re8 15.
Qc2 g6 16. h4 f5 17. h5 Bg5+ 18. Kb1 Qf6 19. hxg6 hxg6 20. Bc4 d5 21. Bb3 Nd6 22. Rh2 Kg7 23. Nge2 Ne4 24. f4 Bh6 25. Rg1 Nf2 26.
Ng3 Ng4 27. Ndxf5+ gxf5 28. Nh5+ Kg6 29. Nxf6 Kxf6 30.
Rh5 Re4 31. g3 Rae8 32. a3 Bg7 33. Ka2 a5 34. Qd3 Ne3 35. Qb5 Bc6 36. Qxb6 a4 37.
Bd1 Nc4 38. Qa7 d4 39. Bf3 dxc3 40. Bxe4 Rxe4 41. Qc5 Ne3 42. Qxc3+ Ke6 43. Qxg7 Bd5+ 44. Kb1 Bc4 45. Rh6+ Kd5 46. Qxd7+ Kc5 47. Rc6+ Kb5 48.
Qb7+ Ka5 49. Qb6# 1-0

[Event "GrandPrix_30.05"]
[Site "Chess.com"]
[Date "2020.05.30"]
[Round "2"]
[White "Olga_Girya"]
[Black "Haapana"]
[Result "1/2-1/2"]
[WhiteElo "2171"]
[BlackElo "2369"]
[TimeControl "600+2"]
[EndTime "8:52:21 PDT"]
[Termination "Game drawn by agreement"]

1. d4 d5 2. c4 e6 3. Nf3 c5 4. cxd5 exd5 5. g3 Nc6 6. Bg2 Nf6 7.
O-O Be7 8. dxc5 Bxc5 9. a3 O-O 10. b4 Bb6 11. Nc3 h6 12. Bb2 Bg4 13. Na4 Re8 14.
Nxb6 axb6 15. h3 Bxf3 16. exf3 b5 17. Qd3 Qb6 18. Bxf6 gxf6 19. Qxd5 Rad8 20. Qh5 Kg7 21. Qg4+ Kf8 22. Qh5 Kg7 23. Rad1 Nd4 24. f4 Ne2+ 25. Kh2 Rxd1 26. Rxd1 Qxf2 27. Qg4+ Kf8 28. Qf3 Qxf3 29. Bxf3 Re3 30. Kg2 Nc3 31. Rd7 Nb1 32. Rxb7 Nxa3 33.
Bd5 Re7 34. Rb8+ Kg7 35. Kf3 f5 36. g4 fxg4+ 37. hxg4 Nc2 38. Kg3 Nxb4 39. Rxb5 Nxd5 40. Rxd5 Rb7 41. Rd3 1/2-1/2

[Event "GrandPrix_30.05"]
[Site "Chess.com"]
[Date "2020.05.30"]
[Round "2"]
[White "Novoselski"]
[Black "woodhy"]
[Result "0-1"]
[WhiteElo "2288"]
[BlackElo "2197"]
[TimeControl "600+2"]
[EndTime "8:52:21 PDT"]
[Termination "woodhy won by resignation"]

1. e4 e6 2. d4 d5 3. e5 c5 4. Qg4 Nc6 5. Nf3 cxd4 6. Bd3 f5 7. Qg3 Bd7 8. O-O Qb6 9. a3 a5 10. Nbd2 a4 11. Re1 Nh6 12. Nf1 g6 13. Bg5 Nf7 14.
Bf6 Rg8 15. Ng5 Nxg5 16. Qxg5 Kf7 17. Qh4 h6 18. Rab1 Bg7 19. b3 Qc7 20. bxa4 Rxa4 21. Rb3 Rf8 22. Reb1 Ra7 23. Bb5 Kg8 24. Bxg7 Kxg7 25.
Bxc6 bxc6 26. Qxd4 c5 27. Qb2 Rfa8 28. Nd2 Bc6 29. c4 d4 30. f4 Rd8 31. Rg3 Rb7 32. Qc1 Rdb8 33. Rxb7 Rxb7 34. h4 Kh7 35. Qd1 Be8 36. a4 Rb2 37. Ra3 Qa5 38. Nb3 Qb4 39. Qa1 Rxb3 40. Rxb3 Qxb3 41. a5 Qxc4 42. a6 Qd5 43. a7 Bc6 44. Qb2 d3 0-1

[Event "GrandPrix_30.05"]
[Site "Chess.com"]
[Date "2020.05.30"]
[Round "2"]
[White "moro182"]
[Black "Baron_von_Koenig"]
[Result "1-0"]
[WhiteElo "2517"]
[BlackElo "2123"]
[TimeControl "600+2"]
[EndTime "8:52:32 PDT"]
[Termination "moro182 won by resignation"]

1. d4 Nc6 2. c4 e5 3. d5 Bb4+ 4. Nd2 Nce7 5. a3 Bxd2+ 6. Bxd2 d6 7. e4 f5 8. Nf3 Nf6 9. exf5 Bxf5 10. Qa4+ Qd7 11.
Qxd7+ Kxd7 12. Be2 Bg4 13. O-O-O Rhf8 14. Rhe1 Rae8 15.
Bg5 Kc8 16. h3 Bh5 17. g4 Bg6 18. Be3 b6 19. Nh4 Ne4 20. Rf1 Nc5 21. b4 Nd7 22. Kb2 h6 23. Rde1 Bh7 24. Kc3 g5 25. Nf3 Ng6 26.
Rg1 Nf4 27. Bf1 Nxh3 28. Bxh3 Rxf3 29. Bg2 Rf6 30. Rh1 Rg6 31. Be4 Rg7 32. Bf3 Rf8 33. Bd1 Rf6 34. Rh3 Rgf7 35. Reh1 Be4 36. R1h2 Bf3 37.
Bc2 e4 38. Rxh6 Rxh6 39. Rxh6 Ne5 40. Rh8+ Kb7 41. Bxg5 Nxg4 42. Ba4 Ne5 43. Be3 Be2 44. c5 bxc5 45. bxc5 dxc5 46. Bxc5 Rf3+ 47. Kd4 Rxf2 48. Kxe5 Rf3 49. Bc6+ Ka6 50. Ra8 1-0

[Event "GrandPrix_30.05"]
[Site "Chess.com"]
[Date "2020.05.30"]
[Round "2"]
[White "VMikhalevski"]
[Black "Meizon19"]
[Result "1-0"]
[WhiteElo "2663"]
[BlackElo "2312"]
[TimeControl "600+2"]
[EndTime "8:52:35 PDT"]
[Termination "VMikhalevski won by resignation"]

1. Nf3 Nf6 2. g3 g6 3. Bg2 Bg7 4. d4 O-O 5. O-O d6 6. b3 c5 7.
Bb2 Nc6 8. c4 Bg4 9. d5 Nb4 10.
h3 Bf5 11. Nh4 Bd7 12. Nd2 b5 13. a3 Na6 14. e4 Rb8 15. Bc3 Qc8 16. Kh2 Ng4+ 17.
hxg4 Bxc3 18. Rc1 Bf6 19. Bf3 bxc4 20. Nxc4 Nc7 21. a4 Qb7 22. Rb1 Qb4 23. Be2 Qc3 24. f4 Qd4 25. Qc2 Na6 26. g5 Nb4 27. Qd1 Bg7 28. Qxd4 cxd4 29. f5 Be5 30. Nxe5 dxe5 31. Bc4 Nc2 32. Nf3 Ne3 33. Nxe5 Nxf1+ 34. Rxf1 Rb7 35.
d6 Be8 36. fxg6 hxg6 37. Nxg6 exd6 38. Rd1 d5 39. Bxd5 Rb4 40. Kg2 Bd7 41. Nxf8 Kxf8 42. Kf2 Bg4 43. Rc1 Kg7 44. Rc7 Kg6 45. Rxf7 Kxg5 46. Rg7+ 1-0

[Event "GrandPrix_30.05"]
[Site "Chess.com"]
[Date "2020.05.30"]
[Round "2"]
[White "grzechu96"]
[Black "payto1"]
[Result "1/2-1/2"]
[WhiteElo "2438"]
[BlackElo "2169"]
[TimeControl "600+2"]
[EndTime "8:52:35 PDT"]
[Termination "Game drawn by stalemate"]

1. e4 Nc6 2. Nf3 d6 3. h3 Nf6 4. Nc3 g6 5. Bc4 Bg7 6. O-O e5 7. a3 O-O 8. d3 h6 9. Be3 Be6 10. Bxe6 fxe6 11. Nh2 Kh7 12. Ng4 Nxg4 13. hxg4 Nd4 14. f3 Bf6 15. Ne2 Bg5 16. Bf2 Nc6 17. c3 Bh4 18. Be3 Bg5 19. Qd2 Bxe3+ 20. Qxe3 Qg5 21. Qxg5 hxg5 22. Kf2 Kg7 23. b4 a5 24.
b5 Na7 25. a4 Nc8 26. d4 Nb6 27. Nc1 d5 28. exd5 Nxd5 29. c4 Nf6 30. Nb3 b6 31.
Kg3 Rad8 32. dxe5 Ne4+ 33. fxe4 Rd3+ 34. Rf3 Rfxf3+ 35. gxf3 Rxb3 36. Rd1 Rc3 37. Rd7+ Kh6 38. Rxc7 Rxf3+ 39. Kxf3 1/2-1/2